 Dungeon Crawl Stone Soup version 0.22.0-38-g04b72b8 (webtiles) character file.

860 leisz the Archer (level 7, 0/64 HPs)
             Began as a Centaur Hunter on Aug 30, 2018.
             Slain by an ice beast (16 damage)
             ... on level 4 of the Dungeon.
             The game lasted 00:14:01 (4694 turns).

leisz the Archer (Centaur Hunter)                   Turns: 4694, Time: 00:14:02

Health: 0/64       AC:  7    Str: 15    XL:     7   Next: 71%
Magic:  7/7        EV:  8    Int: 10    God:
Gold:   227        SH:  0    Dex: 11    Spells: 6/6 levels left

rFire    . . .     SeeInvis .   b - +0 short sword
rCold    . . .     Gourm    .   (no shield)
rNeg     . . .     Faith    .   v - +0 ring mail
rPois    .         Spirit   .   g - +0 helmet
rElec    .         Reflect  .   l - +0 cloak
rCorr    .         Harm     +   (no gloves)
MR       .....                  (no barding)
Stlth    ..........             o - amulet of harm
HPRegen  0.20/turn              (no ring)
MPRegen  0.10/turn              (no ring)

@: very quick
A: large, hooves 3, deformed body, speed 2, tough skin 3
a: no special abilities


You were on level 4 of the Dungeon.
You were not hungry.

You visited 1 branch of the dungeon, and saw 4 of its levels.

You collected 227 gold pieces.

Inventory:

Hand Weapons
 a - a +1 shortbow
 b - a +0 short sword (weapon)
 j - a +0 short sword
 n - a +0 hunting sling
Missiles
 e - 167 stones (quivered)
 s - 28 sling bullets
 u - 2 tomahawks
Armour
 c - a +0 leather armour
 g - a +0 helmet (worn)
 l - a +0 cloak (worn)
 v - a +0 ring mail (worn)
Jewellery
 o - an amulet of harm (around neck)
Scrolls
 i - a scroll of remove curse {unknown}
 k - a scroll of magic mapping {unknown}
 m - a scroll of amnesia
 p - a scroll of blinking {unknown}
 w - 4 scrolls of fog {unknown}
 x - a scroll of identify
Potions
 h - 3 potions of berserk rage
 q - a potion of ambrosia {unknown}
 r - a potion of brilliance {unknown}
 t - a potion of curing {unknown}
 z - a potion of degeneration {unknown}
 B - a potion of resistance
Comestibles
 f - 2 rations
 A - a chunk of flesh


   Skills:
 + Level 6.4 Fighting
 + Level 9.7 Bows
 - Level 1.3 Dodging
 - Level 0.4 Stealth


You had 6 spell levels left.
You didn't know any spells.
Your spell library was empty.

Dungeon Overview and Level Annotations

Branches:
Dungeon (4/15)
 Temple: D:4-7

Altars:
Cheibriados

Annotations:
D:4 1 transporter


Innate Abilities, Weirdness & Mutations

You have hooves in place of feet.
Armour fits poorly on your strangely shaped body.
You cover ground very quickly.
You have extremely tough skin. (AC +3)


Message History

The ice beast hits you. The ice beast freezes you. The ice beast hits you.
The ice beast freezes you!
* * * LOW HITPOINT WARNING * * *
Throwing (i - inventory. (/) - cycle)
e - 168 stones (quivered)
Press: ? - help, Shift-Dir - straight line, f/p - ice beast
Aim: an ice beast (heavily wounded)
You throw a stone.
The stone hits the ice beast but does no damage.
The ice beast is heavily wounded.
The ice beast hits you but does no damage.
The ice beast closely misses you.
Do you really want to go berserk while wielding your +1 shortbow? [Y]es or [N]o only, please.
Do you really want to go berserk while wielding your +1 shortbow?
Okay, then.
b - a +0 short sword (weapon)
The ice beast hits you.
* * * LOW HITPOINT WARNING * * *
The ice beast freezes you!
You die...

............................<....
###..............#####.##.###...#
###.##########...................
.##.# #.§§§.#########.##.#.##...
.##.# #§§§§§#§§§§§.#..##.......#
....####§§§§§#..§§§§#.......#####
....#..#?$.§.§(#.#§.#...#.#.#
......©#©(..§§.YY©§§#©..#.#.#
...##..#[$.§§'.#@#..#..##.#.#
########§§§§§#§§§§§§#..##.###
#§.§.§#§§§§§.#.###.#
#§§§§§########.###.###..# ######
#.........(.....
.................#
.###..#.....###..# #..#..##.... .
#...... .....


You could see 2 ice beasts.

Vanquished Creatures
  Grinder (D:3)
  An ice beast (D:4)
  An ogre (D:4)
  A crimson imp (D:3)
  A centaur skeleton (D:4)
  Crazy Yiuf (D:2)
  3 orc priests
  An orc wizard (D:3)
  A worker ant (D:4)
  A hound zombie (D:2)
  Robin (D:1)
  9 adders
  A shadow imp (D:3)
  An ooze (D:3)
  A worm (D:3)
  3 leopard geckos
  15 orcs
  A ball python (D:1)
  5 giant cockroaches
  23 goblins
  12 hobgoblins
  9 jackals
  3 quokkas
  11 bats
  5 frilled lizards
  5 kobolds
  8 rats
125 creatures vanquished.

Notes
Turn   | Place    | Note
-------+----------+-------------------------------------------
     0 | D:1      | leisz the Centaur Hunter began the quest for the Orb.
     0 | D:1      | Reached XP level 1. HP: 17/17 MP: 1/1
   133 | D:1      | Reached XP level 2. HP: 25/25 MP: 2/2
   453 | D:1      | Reached skill level 6 in Bows
   523 | D:2      | Reached XP level 3. HP: 30/30 MP: 3/3
   570 | D:2      | Noticed Robin
   744 | D:1      | Reached XP level 4. HP: 12/38 MP: 4/4
   750 | D:1      | Killed Robin
  1482 | D:2      | Found a snail-covered altar of Cheibriados.
  2031 | D:2      | Found a runed door.
  2201 | D:2      | Noticed Crazy Yiuf
  2222 | D:2      | Killed Crazy Yiuf
  2222 | D:2      | Reached skill level 7 in Bows
  2222 | D:2      | Reached XP level 5. HP: 30/46 MP: 5/5
  2926 | D:3      | Reached XP level 6. HP: 52/53 MP: 6/6
  2970 | D:3      | Noticed Grinder
  2993 | D:3      | Killed Grinder
  2993 | D:3      | Reached skill level 5 in Fighting
  2993 | D:3      | Reached skill level 8 in Bows
  3417 | D:3      | Reached XP level 7. HP: 44/61 MP: 7/7
  3803 | D:4      | Reached skill level 9 in Bows
  3993 | D:4      | Found a transporter.
  4274 | D:4      | Found a transporter.
  4694 | D:4      | Slain by an ice beast

Skill      XL: |  1  2  3  4  5  6  7 |
---------------+----------------------+-----
Bows           | 6 7 8 9 |  9.7
Fighting       | 3 4 5 6 |  6.4
Dodging        | |  1.3
Stealth        | |  0.4

Action                   |  1- 3 |  4- 6 |  7- 9 || total
-------------------------+-------+-------+-------++-------
Melee: Short sword       |    38 |   181 |    92 ||   311
       Kick              |     5 |    35 |    16 ||    56
 Fire: Shortbow          |    72 |    66 |    41 ||   179
Throw: Stone             |       |       |     4 ||     4
  Use: Potion            |     1 |       |       ||     1
       Scroll            |       |     2 |       ||     2
  Eat: Chunk             |       |     3 |     2 ||     5
       Ration            |       |     1 |     1 ||     2
Armor: Leather armour    |    32 |    75 |       ||   107
       Ring mail         |       |    32 |    57 ||    89
Dodge: Dodged            |    45 |   137 |    43 ||   225
